TOP OF THE 1ST |
Indianapolis Indians batting - Pitching for Reno Aces : RHP Sean Hartgrove
|
Pitching: RHP Sean Hartgrove
|
|
Batting: RHB Andrew Robinson
|
0-0: Ball 1-0: Ball 2-0: Called Strike 2-1: Ball 3-1: Base on Balls
|
Batting: RHB Ron Corn
|
0-0: Ball Balk! Andrew Robinson to second 1-0: Foul Ball, location: 2F 1-1: Foul Ball, location: 2F 1-2: Strikes out swinging
|
Batting: RHB Luis Ramos
|
0-0: Ball Wild Pitch! Andrew Robinson to third 1-0: Ball 2-0: Called Strike 2-1: Foul Ball, location: 2F 2-2: Ball 3-2: Strikes out swinging
|
Batting: LHB Jorge Quintana
|
0-0: Called Strike 0-1: Swinging Strike 0-2: Foul Ball, location: 2F 0-2: Ball 1-2: Foul Ball, location: 2F 1-2: Strikes out swinging
|
Top of the 1st over - 0 runs, 0 hits, 0 errors, 1 left on base; Indianapolis 0 - Reno 0 |
BOTTOM OF THE 1ST |
Reno Aces batting - Pitching for Indianapolis Indians : RHP Matt Decker
|
Pitching: RHP Matt Decker
|
|
Batting: RHB Roberto Rodriguez
|
0-0: Foul Ball, location: 2F 0-1: Called Strike 0-2: Ball 1-2: Ball 2-2: Foul Ball, location: 2F 2-2: Strikes out swinging
|
Batting: RHB Xavier Castellanos
|
0-0: Ball 1-0: Ball 2-0: Ground out 6-3 (Groundball, 6, EV 100.6 MPH)
|
Batting: RHB Ji-an Li
|
0-0: Ball 1-0: Ball 2-0: Foul Ball, location: 2F 2-1: Ball 3-1: Fly out, F1 (Line Drive, P, EV 72.5 MPH)
|
Bottom of the 1st over - 0 runs, 0 hits, 0 errors, 0 left on base; Indianapolis 0 - Reno 0 |
TOP OF THE 2ND |
Indianapolis Indians batting - Pitching for Reno Aces : RHP Sean Hartgrove
|
Batting: RHB Caleb Russell
|
0-0: Ball 1-0: Called Strike 1-1: Swinging Strike 1-2: Foul Ball, location: 2F 1-2: Ball 2-2: Ball 3-2: Strikes out swinging
|
Batting: RHB Freddy Quintero
|
0-0: Called Strike 0-1: Foul Ball, location: 2F 0-2: Ball 1-2: Foul Ball, location: 2F 1-2: Ball 2-2: Ground out U3 (Groundball, 34, EV 87.5 MPH)
|
Batting: RHB Matt Keef
|
0-0: Ball 1-0: Swinging Strike 1-1: Called Strike 1-2: Ball 2-2: Strikes out swinging
|
Top of the 2nd over - 0 runs, 0 hits, 0 errors, 0 left on base; Indianapolis 0 - Reno 0 |
BOTTOM OF THE 2ND |
Reno Aces batting - Pitching for Indianapolis Indians : RHP Matt Decker
|
Batting: RHB Seth Tramontano
|
0-0: Swinging Strike 0-1: Ball 1-1: Ground out 6-3 (Groundball, 6M, EV 83.8 MPH)
|
Batting: LHB Ian Jarvis
|
0-0: Foul Ball, location: 2F 0-1: Ball 1-1: Foul Ball, location: 2F 1-2: Ball 2-2: Ground out 3-1 (Groundball, 34S, EV 71.2 MPH)
|
Batting: LHB Steve Reinhart
|
0-0: Ball 1-0: Fly out, F8 (Line Drive, 8RD, EV 96.9 MPH)
|
Bottom of the 2nd over - 0 runs, 0 hits, 0 errors, 0 left on base; Indianapolis 0 - Reno 0 |
TOP OF THE 3RD |
Indianapolis Indians batting - Pitching for Reno Aces : RHP Sean Hartgrove
|
Batting: RHB Keiji Nakajima
|
0-0: Ground out 6-3 (Groundball, 6, EV 80.6 MPH)
|
Batting: RHB Slamet Pamungkas
|
0-0: Ball 1-0: Swinging Strike 1-1: Called Strike 1-2: Foul Ball, location: 2F 1-2: Strikes out swinging
|
Batting: RHB Andrew Robinson
|
0-0: Ball 1-0: Swinging Strike 1-1: Ball 2-1: Ball 3-1: Base on Balls
|
Batting: RHB Ron Corn
|
0-0: Called Strike 0-1: Foul Ball, location: 2F 0-2: Strikes out looking
|
Top of the 3rd over - 0 runs, 0 hits, 0 errors, 1 left on base; Indianapolis 0 - Reno 0 |
BOTTOM OF THE 3RD |
Reno Aces batting - Pitching for Indianapolis Indians : RHP Matt Decker
|
Batting: RHB Marlon Reda
|
0-0: Ground out 6-3 (Groundball, 6, EV 83.8 MPH)
|
Batting: RHB Danny Gerardo
|
0-0: Swinging Strike 0-1: Called Strike 0-2: Strikes out looking
|
Batting: RHB Jonathan Lugo
|
0-0: Ball 1-0: Swinging Strike 1-1: Ball 2-1: Fly out, F4 (Popup, 34D, EV 57.5 MPH)
|
Bottom of the 3rd over - 0 runs, 0 hits, 0 errors, 0 left on base; Indianapolis 0 - Reno 0 |
TOP OF THE 4TH |
Indianapolis Indians batting - Pitching for Reno Aces : RHP Sean Hartgrove
|
Batting: RHB Luis Ramos
|
0-0: Ball 1-0: Foul Ball, location: 2F 1-1: Swinging Strike 1-2: Foul Ball, location: 2F 1-2: Foul Ball, location: 2F 1-2: Ground out 4-3 (Groundball, 4S, EV 90.6 MPH)
|
Batting: LHB Jorge Quintana
|
0-0: Called Strike 0-1: Ball 1-1: Ground out U3 (Groundball, 3, EV 91.2 MPH)
|
Batting: RHB Caleb Russell
|
0-0: Swinging Strike 0-1: Foul Ball, location: 2F 0-2: Ball 1-2: SINGLE (Groundball, 6D, EV 99.4 MPH)
|
Batting: RHB Freddy Quintero
|
0-0: Ball 1-0: Called Strike 1-1: SINGLE (Groundball, 34D, EV 106.2 MPH) Caleb Russell to second Runner from 2nd tries for 3rd, SAFE, throw by RF made to third
|
Batting: RHB Matt Keef
|
0-0: Foul Ball, location: 2F 0-1: Ball 1-1: Ball 2-1: Foul Ball, location: 2F 2-2: Foul Ball, location: 2F 2-2: Strikes out swinging
|
Top of the 4th over - 0 runs, 2 hits, 0 errors, 2 left on base; Indianapolis 0 - Reno 0 |
BOTTOM OF THE 4TH |
Reno Aces batting - Pitching for Indianapolis Indians : RHP Matt Decker
|
Batting: RHB Roberto Rodriguez
|
0-0: Called Strike 0-1: Ball 1-1: Ball 2-1: Called Strike 2-2: Ball 3-2: Ground out 6-3 (Groundball, 6, EV 80.6 MPH)
|
Batting: RHB Xavier Castellanos
|
0-0: Called Strike 0-1: Foul Ball, location: 2F 0-2: Ball 1-2: Ball 2-2: Ball 3-2: Fly out, F8 (Flyball, 8RD, EV 88.1 MPH)
|
Batting: RHB Ji-an Li
|
0-0: Called Strike 0-1: Ball 1-1: Ball 2-1: Ball 3-1: Fly out, F4 (Line Drive, 4, EV 67.5 MPH)
|
Bottom of the 4th over - 0 runs, 0 hits, 0 errors, 0 left on base; Indianapolis 0 - Reno 0 |
TOP OF THE 5TH |
Indianapolis Indians batting - Pitching for Reno Aces : RHP Sean Hartgrove
|
Batting: RHB Keiji Nakajima
|
0-0: Ball 1-0: Swinging Strike 1-1: Foul Ball, location: 2F 1-2: Strikes out looking
|
Batting: RHB Slamet Pamungkas
|
0-0: Ball 1-0: Ball 2-0: Ball 3-0: Called Strike 3-1: Fly out, F8 (Flyball, 8RD, EV 90.6 MPH)
|
Batting: RHB Andrew Robinson
|
0-0: Ball 1-0: Called Strike 1-1: Ground out 6-3 (Groundball, 6, EV 78.1 MPH)
|
Top of the 5th over - 0 runs, 0 hits, 0 errors, 0 left on base; Indianapolis 0 - Reno 0 |
BOTTOM OF THE 5TH |
Reno Aces batting - Pitching for Indianapolis Indians : RHP Matt Decker
|
Batting: RHB Seth Tramontano
|
0-0: Foul Ball, location: 2F 0-1: Foul Ball, location: 2F 0-2: Ball 1-2: Ball 2-2: Strikes out looking
|
Batting: LHB Ian Jarvis
|
0-0: Ball 1-0: Ball 2-0: Ball 3-0: Called Strike 3-1: Called Strike 3-2: Foul Ball, location: 2F 3-2: Foul Ball, location: 2F 3-2: Fly out, F9 (Flyball, 9D, EV 91.9 MPH)
|
Batting: LHB Steve Reinhart
|
0-0: Ball 1-0: Ball 2-0: SINGLE (Groundball, 4MD, EV 100.6 MPH)
|
Batting: RHB Marlon Reda
|
0-0: Called Strike 0-1: Foul Ball, location: 2F 0-2: Foul Ball, location: 2F 0-2: Ball 1-2: Foul Ball, location: 2F 1-2: Ball Steve Reinhart steals 2nd base 2-2: Strikes out swinging
|
Bottom of the 5th over - 0 runs, 1 hit, 0 errors, 1 left on base; Indianapolis 0 - Reno 0 |
TOP OF THE 6TH |
Indianapolis Indians batting - Pitching for Reno Aces : RHP Sean Hartgrove
|
Pitching: RHP Manny Ferrer
|
|
Batting: RHB Ron Corn
|
0-0: Foul Ball, location: 2F 0-1: Ground out 1-3 (Groundball, 23, EV 61.9 MPH)
|
Batting: RHB Luis Ramos
|
0-0: Ball 1-0: Foul Ball, location: 2F 1-1: Swinging Strike 1-2: Strikes out looking
|
Batting: LHB Jorge Quintana
|
0-0: Ball 1-0: Ball 2-0: Called Strike 2-1: Swinging Strike 2-2: Strikes out swinging
|
Top of the 6th over - 0 runs, 0 hits, 0 errors, 0 left on base; Indianapolis 0 - Reno 0 |
BOTTOM OF THE 6TH |
Reno Aces batting - Pitching for Indianapolis Indians : RHP Matt Decker
|
Batting: RHB Danny Gerardo
|
0-0: Ball 1-0: Foul Ball, location: 2F 1-1: Called Strike 1-2: Ball 2-2: Ball 3-2: Fly out, F7 (Flyball, 7, EV 81.9 MPH)
|
Batting: RHB Jonathan Lugo
|
0-0: Swinging Strike 0-1: Ground out 3-1 (Groundball, 13, EV 81.2 MPH)
|
Batting: RHB Roberto Rodriguez
|
0-0: Ball 1-0: Foul Ball, location: 2F 1-1: Fly out, F8 (Flyball, 8LD, EV 95.6 MPH)
|
Bottom of the 6th over - 0 runs, 0 hits, 0 errors, 0 left on base; Indianapolis 0 - Reno 0 |
TOP OF THE 7TH |
Indianapolis Indians batting - Pitching for Reno Aces : RHP Manny Ferrer
|
Batting: RHB Caleb Russell
|
0-0: Ball 1-0: Ground out 6-3 (Groundball, 56, EV 104.4 MPH)
|
Batting: RHB Freddy Quintero
|
0-0: Ball 1-0: Ball 2-0: Foul Ball, location: 2F 2-1: Ball 3-1: Base on Balls
|
Batting: RHB Matt Keef
|
0-0: Fly out, F9 (Flyball, 9LM, EV 86.2 MPH)
|
Batting: RHB Keiji Nakajima
|
0-0: Swinging Strike 0-1: Called Strike 0-2: Foul Ball, location: 2F 0-2: Ball 1-2: Ball 2-2: Strikes out swinging
|
Top of the 7th over - 0 runs, 0 hits, 0 errors, 1 left on base; Indianapolis 0 - Reno 0 |
BOTTOM OF THE 7TH |
Reno Aces batting - Pitching for Indianapolis Indians : RHP Matt Decker
|
Batting: RHB Xavier Castellanos
|
0-0: Ground out U3 (Groundball, 3, EV 100.6 MPH)
|
Batting: RHB Ji-an Li
|
0-0: Called Strike 0-1: Ball 1-1: Swinging Strike 1-2: Ball 2-2: Ball 3-2: Base on Balls
|
Batting: RHB Seth Tramontano
|
0-0: Called Strike 0-1: Swinging Strike 0-2: Foul Ball, location: 2F 0-2: Strikes out swinging Ji-an Li steals 2nd base (no throw) Batter strikes out.
|
Batting: LHB Ian Jarvis
|
0-0: Ball 1-0: Ball 2-0: Fly out, F4 (Popup, 4M, EV 61.9 MPH)
|
Bottom of the 7th over - 0 runs, 0 hits, 0 errors, 1 left on base; Indianapolis 0 - Reno 0 |
TOP OF THE 8TH |
Indianapolis Indians batting - Pitching for Reno Aces : RHP Manny Ferrer
|
Pitching: LHP Afanasy Apatenko
|
|
Batting: RHB Slamet Pamungkas
|
0-0: Ball 1-0: Foul Ball, location: 2F 1-1: Foul Ball, location: 2F 1-2: Ball 2-2: Ball 3-2: Strikes out swinging
|
Batting: RHB Andrew Robinson
|
0-0: Ball 1-0: Fly out, F9 (Flyball, 9, EV 84.4 MPH)
|
Batting: RHB Ron Corn
|
0-0: Fly out, F7 (Flyball, 7D, EV 93.1 MPH)
|
Top of the 8th over - 0 runs, 0 hits, 0 errors, 0 left on base; Indianapolis 0 - Reno 0 |
BOTTOM OF THE 8TH |
Reno Aces batting - Pitching for Indianapolis Indians : RHP Matt Decker
|
Batting: LHB Steve Reinhart
|
0-0: Ball 1-0: Ball 2-0: Ball 3-0: Base on Balls
|
Pitching: LHP Dennis French
|
|
Batting: RHB Marlon Reda
|
0-0: Bunted foul 0-1: Bunted foul 0-2: Ball 1-2: Foul Ball, location: 2F 1-2: Ball 2-2: Foul Ball, location: 2F 2-2: SINGLE (Line Drive, 56, EV 110.0 MPH) Steve Reinhart to second
|
Batting: RHB Danny Gerardo
|
0-0: Called Strike 0-1: Ball 1-1: SINGLE (Groundball, 15S, EV 74.4 MPH) (infield hit) Steve Reinhart to third Marlon Reda to second
|
Batting: RHB Jonathan Lugo
|
0-0: Ball 1-0: SINGLE (Flyball, 89S, EV 98.8 MPH) Steve Reinhart scores Marlon Reda to third Danny Gerardo to second Runner from 3rd tries for Home, throw by RF and OUT! 9-2
|
Batting: RHB Roberto Rodriguez
|
0-0: Ball 1-0: Ground out 5-3 (Groundball, 56S, EV 71.2 MPH) Danny Gerardo to third Jonathan Lugo to second
|
Batting: RHB Xavier Castellanos
|
0-0: Ball Wild Pitch! Danny Gerardo scores Jonathan Lugo to third 1-0: Called Strike 1-1: Called Strike 1-2: Foul Ball, location: 2F 1-2: Ball 2-2: Fly out, F8 (Flyball, 8LS, EV 78.8 MPH)
|
Bottom of the 8th over - 2 runs, 3 hits, 0 errors, 1 left on base; Indianapolis 0 - Reno 2 |
TOP OF THE 9TH |
Indianapolis Indians batting - Pitching for Reno Aces : LHP Afanasy Apatenko
|
Pitching: RHP Adam Silbert
|
|
Batting: RHB Luis Ramos
|
0-0: Ball 1-0: Ball 2-0: Called Strike 2-1: Foul Ball, location: 2F 2-2: Strikes out swinging
|
Batting: LHB Jorge Quintana
|
0-0: Called Strike 0-1: Called Strike 0-2: Ball 1-2: Ground out 6-3 (Groundball, 4MS, EV 81.2 MPH)
|
Batting: RHB Caleb Russell
|
0-0: Ball 1-0: Called Strike 1-1: Swinging Strike 1-2: Strikes out swinging
|
Top of the 9th over - 0 runs, 0 hits, 0 errors, 0 left on base; Indianapolis 0 - Reno 2 |
|